[Event "Titled Tuesday Blitz July 18 Early 2023"]
[White "Larina, Maria"]
[Black "favesaul"]
[WhiteFideId "24113182"]
[WhiteElo "2203"]
[BlackElo "2409"]
[Result "0-1"]
[Round "3"]
[TimeControl "180+2"]
[Date "2023.07.18"]
[WhiteClock "0:00:05"]
[BlackClock "0:00:12"]
[Board "169"]

1. e4 c5 2. Nc3 Nc6 3. g3 g6 4. Bg2 Bg7 5. d3 d6 6. Be3 e6 7. Qd2 Qa5 8. Nge2 Nd4 9. O-O Ne7 10. a3 O-O 11. Rad1 Rb8 12. Qc1 Re8 13. Bh6 Bh8 14. f4 b5 15. Nxd4 cxd4 16. Ne2 Bb7 17. g4 f5 18. gxf5 exf5 19. Ng3 b4 20. axb4 Qxb4 21. Rde1 fxe4 22. Nxe4 Nf5 23. Bg5 Ne3 24. Rxe3 dxe3 25. c3 Qb6 26. Kh1 d5 27. Ng3 Bc6 28. b4 d4 29. Ne4 dxc3 30. Qc2 Bg7 31. Qa2+ Kh8 32. Rg1 e2 33. Qxe2 Qxb4 34. Qg4 c2 35. Bf6 Qb1 36. Bxg7+ Kxg7 37. Nd2 Qxg1+ 38. Kxg1 c1=Q+ 39. Nf1 Qc5+ 40. Kh1 Bxg2+ 41. Qxg2 Qd6 42. f5 Qf6 43. fxg6 hxg6 44. h4 Qxh4+ 45. Kg1 Qd4+ 46. Kh2 Rh8+ 47. Kg3 Qh4+ 48. Kf3 Rhf8+ 49. Ke2 Rb2+ 50. Kd1 Rxg2 51. Ne3 Qh1+ 52. Nf1 Qxf1# 0-1


[Site "https://www.chess.com"]

[Event "Titled Tuesday Blitz July 18 Early 2023"]
[White "WynnZawHtun82"]
[Black "Holtel, Jasper"]
[BlackFideId "12956376"]
[WhiteElo "2596"]
[BlackElo "2305"]
[Result "1-0"]
[Round "3"]
[TimeControl "180+2"]
[Date "2023.07.18"]
[WhiteClock "0:00:39"]
[BlackClock "0:00:09"]
[Board "170"]

1. Nf3 Nf6 2. g3 g6 3. Bg2 Bg7 4. O-O O-O 5. d3 d6 6. e4 c5 7. Re1 Nc6 8. c3 Rb8 9. d4 cxd4 10. cxd4 Bg4 11. h3 Bxf3 12. Bxf3 e5 13. d5 Nd4 14. Bg2 Nd7 15. Nc3 b5 16. Be3 b4 17. Ne2 Qb6 18. Qd2 Rbc8 19. Rec1 a5 20. h4 a4 21. Kh1 Nc5 22. Nxd4 exd4 23. Bxd4 Rc7 24. Bxg7 Kxg7 25. Qd4+ Kg8 26. Rc4 b3 27. axb3 Qxb3 28. Ra3 Qb7 29. Qc3 Rfc8 30. h5 Nd7 31. h6 Ne5 32. Rxc7 Rxc7 33. Qd4 Rc1+ 34. Kh2 Qe7 35. Rxa4 Qg5 36. Ra8+ 1-0


[Site "https://www.chess.com"]

[Event "Titled Tuesday Blitz July 18 Early 2023"]
[White "Colas, Joshua"]
[Black "Phillips, Rene"]
[WhiteFideId "2044447"]
[BlackFideId "2056275"]
[WhiteElo "2581"]
[BlackElo "2051"]
[Result "1-0"]
[Round "3"]
[TimeControl "180+2"]
[Date "2023.07.18"]
[WhiteClock "0:01:25"]
[BlackClock "0:00:05"]
[Board "171"]

1. d4 Nc6 2. Nc3 e5 3. d5 Nce7 4. e4 Ng6 5. Be3 Bb4 6. Ne2 Nf6 7. f3 d6 8. a3 Ba5 9. Qd2 Bb6 10. O-O-O h6 11. g3 O-O 12. Bg2 Bd7 13. h4 Nh5 14. Bxh6 gxh6 15. Qxh6 Nhf4 16. gxf4 Nxf4 17. Nxf4 Be3+ 18. Kb1 Bxf4 19. Qh5 Qf6 20. Bh3 Bxh3 21. Rdg1+ 1-0


[Site "https://www.chess.com"]

[Event "Titled Tuesday Blitz July 18 Early 2023"]
[White "Fonseca Manrique, Enrique"]
[Black "Freile Martin, Javier"]
[WhiteFideId "5114330"]
[BlackFideId "3600165"]
[WhiteElo "2577"]
[BlackElo "2284"]
[Result "1-0"]
[Round "3"]
[TimeControl "180+2"]
[Date "2023.07.18"]
[WhiteClock "0:01:23"]
[BlackClock "0:01:33"]
[Board "172"]

1. e4 c5 2. Nc3 d6 3. f4 Nc6 4. Nf3 e6 5. Bb5 Ne7 6. O-O g6 7. d3 Bg7 8. f5 exf5 9. Bg5 f6 10. Bd2 fxe4 11. dxe4 O-O 12. Qe1 Ne5 13. Rd1 a6 14. Be2 b5 15. Be3 Bb7 16. Bxc5 Rc8 17. Bxd6 Qb6+ 18. Kh1 Nxf3 19. Bxf3 Rfe8 20. Qg3 b4 21. Nd5 Nxd5 22. exd5 Rxc2 23. a3 b3 24. Bb4 Rxb2 25. d6 Bxf3 26. Qxf3 Rd8 27. d7 a5 28. Qd5+ Kh8 29. Bxa5 Qb8 30. Bxd8 Qxd8 31. Qe6 1-0


[Site "https://www.chess.com"]

[Event "Titled Tuesday Blitz July 18 Early 2023"]
[White "Shubenkova, Veronika"]
[Black "Travadon, Loic"]
[WhiteFideId "44124040"]
[BlackFideId "26092131"]
[WhiteElo "2545"]
[BlackElo "2284"]
[Result "0-1"]
[Round "3"]
[TimeControl "180+2"]
[Date "2023.07.18"]
[WhiteClock "0:01:01"]
[BlackClock "0:00:32"]
[Board "173"]

1. e4 e5 2. Nf3 Nc6 3. Bb5 Nf6 4. Bxc6 dxc6 5. O-O Bd6 6. d4 Nxe4 7. dxe5 Bc5 8. Qe2 Bf5 9. Be3 O-O 10. Bxc5 Nxc5 11. Nc3 Ne6 12. Rad1 Qe7 13. g3 Rad8 14. Rxd8 Rxd8 15. Rd1 Bg4 16. Rxd8+ Qxd8 17. Qe4 Bxf3 18. Qxf3 Qd2 19. Qf5 Qc1+ 20. Kg2 Qxb2 21. Ne4 Qd4 22. h4 Qd5 23. Kh2 Qxa2 24. h5 Kf8 25. h6 g6 26. Qf6 Qd5 27. c4 Qxe4 28. Qh8+ Ke7 29. Qf6+ Ke8 30. Qh8+ Nf8 31. Qf6 Qf5 0-1


[Site "https://www.chess.com"]

[Event "Titled Tuesday Blitz July 18 Early 2023"]
[White "Borrmann, Laurenz"]
[Black "lgabi"]
[WhiteFideId "312187930"]
[WhiteElo "2535"]
[BlackElo "2283"]
[Result "0-1"]
[Round "3"]
[TimeControl "180+2"]
[Date "2023.07.18"]
[WhiteClock "0:00:00"]
[BlackClock "0:00:18"]
[Board "174"]

1. e4 g6 2. d4 Bg7 3. Nc3 d6 4. Be3 a6 5. h4 h5 6. Nh3 b5 7. Ng5 Bb7 8. g4 hxg4 9. Qxg4 Nf6 10. Qg2 Nbd7 11. a4 b4 12. Bc4 e6 13. Bxe6 fxe6 14. Nxe6 Qe7 15. Nd5 Nxd5 16. exd5 Qxe6 17. dxe6 Bxg2 18. exd7+ Kxd7 19. Rg1 Be4 20. O-O-O Rxh4 21. Rde1 Re8 22. Bg5 Rhh8 23. f3 Bf5 24. c3 b3 25. Kd2 Rh2+ 26. Kd1 Rxe1+ 27. Rxe1 Bf8 28. Bd2 Be7 29. c4 c6 0-1


[Site "https://www.chess.com"]

[Event "Titled Tuesday Blitz July 18 Early 2023"]
[White "Spichkin, Alexander"]
[Black "ArchibaldCerveza29"]
[WhiteFideId "4144074"]
[WhiteElo "2278"]
[BlackElo "2505"]
[Result "1-0"]
[Round "3"]
[TimeControl "180+2"]
[Date "2023.07.18"]
[WhiteClock "0:01:28"]
[BlackClock "0:00:00"]
[Board "175"]

1. f4 d5 2. Nf3 Nh6 3. d3 e6 4. e3 Nf5 5. Be2 c5 6. O-O Be7 7. Nc3 Nc6 8. e4 dxe4 9. dxe4 Qxd1 10. Rxd1 Nfd4 11. Bb5 Nxf3+ 12. gxf3 Bd7 13. Be3 Rc8 14. Rd2 Nb8 15. Rad1 Bxb5 16. Nxb5 a6 17. Nc3 O-O 18. Kf2 b5 19. e5 f5 20. exf6 Bxf6 21. Ne4 Be7 22. a4 c4 23. axb5 axb5 24. Ba7 Rxf4 25. Bxb8 Rxb8 26. Rd7 Bf6 27. Ke3 Rh4 28. Nxf6+ gxf6 29. Rg1+ Kf8 30. Rgg7 Rh6 31. Rdf7+ Ke8 32. Rxh7 Rxh7 33. Rxh7 Rb6 34. c3 Rd6 35. Rb7 Rd5 36. h4 Rh5 37. f4 f5 38. Kd4 Rxh4 39. Ke5 Rh2 40. Rxb5 Re2+ 41. Kf6 Re4 42. Kg5 Ke7 43. Rc5 Kd6 44. Rc8 Kd5 45. Rd8+ Kc6 46. Rd2 Kb5 47. Rf2 Ka4 48. Kf6 Kb3 49. Ke7 Ka4 50. Kd6 Kb3 51. Kc6 Ka4 52. Kc5 Kb3 53. Kb5 1-0


[Site "https://www.chess.com"]

[Event "Titled Tuesday Blitz July 18 Early 2023"]
[White "Ansh M Shah"]
[Black "Magallanes, Rey Jomar"]
[WhiteFideId "25033379"]
[BlackFideId "5205948"]
[WhiteElo "2504"]
[BlackElo "2273"]
[Result "1-0"]
[Round "3"]
[TimeControl "180+2"]
[Date "2023.07.18"]
[WhiteClock "0:01:10"]
[BlackClock "0:01:07"]
[Board "176"]

1. d4 d5 2. c4 e6 3. g3 Nf6 4. Bg2 Be7 5. Nf3 O-O 6. O-O c6 7. Qc2 b6 8. Nbd2 c5 9. e4 Nc6 10. cxd5 exd5 11. dxc5 bxc5 12. exd5 Nxd5 13. a3 Ba6 14. Rd1 Qc7 15. Nc4 Rfd8 16. Ng5 Nf6 17. Bf4 Qc8 18. Rxd8+ Bxd8 19. Nxf7 Qe6 20. Nfd6 Nd4 21. Qa4 Bxc4 22. Qxc4 Qxc4 23. Nxc4 Rc8 24. Re1 Kf7 25. Nd6+ Kg6 26. Nxc8 Ba5 27. Re7 Bd8 28. Rxa7 Ne2+ 29. Kf1 Nxf4 30. gxf4 1-0


[Site "https://www.chess.com"]

[Event "Titled Tuesday Blitz July 18 Early 2023"]
[White "Zampronha, Wladimir Camilo"]
[Black "Ljukin, Sergei"]
[WhiteFideId "2103087"]
[BlackFideId "14102200"]
[WhiteElo "2273"]
[BlackElo "2484"]
[Result "1-0"]
[Round "3"]
[TimeControl "180+2"]
[Date "2023.07.18"]
[WhiteClock "0:00:15"]
[BlackClock "0:00:00"]
[Board "178"]

1. e4 e6 2. d4 d5 3. Nc3 Bb4 4. e5 Ne7 5. Qg4 c5 6. a3 Bxc3+ 7. bxc3 Qc7 8. Qxg7 Rg8 9. Qxh7 cxd4 10. Ne2 Nbc6 11. f4 Bd7 12. Qd3 dxc3 13. Nxc3 Qa5 14. Bd2 Nb4 15. Qh7 Rg6 16. Bd3 Nxd3+ 17. cxd3 Qa6 18. Qh3 O-O-O 19. Kf2 Qb6+ 20. Ke2 Rdg8 21. Rhg1 Nf5 22. g3 Nd4+ 23. Kd1 Qb3+ 24. Ke1 Nf3+ 25. Ke2 Nxd2 26. Rac1 Bc6 27. Kxd2 Kb8 28. Qh7 R6g7 29. Qh4 d4 30. Ne2 Ba4 31. Qe7 Qb2+ 32. Ke1 Rh7 33. h4 Rhg7 34. Kf2 Qd2 35. Qd6+ 1-0


[Site "https://www.chess.com"]

[Event "Titled Tuesday Blitz July 18 Early 2023"]
[White "kuanysh1981"]
[Black "arturdailima"]
[WhiteElo "2476"]
[BlackElo "2273"]
[Result "1-0"]
[Round "3"]
[TimeControl "180+2"]
[Date "2023.07.18"]
[WhiteClock "0:02:11"]
[BlackClock "0:01:34"]
[Board "179"]

1. d4 Nf6 2. Nf3 c5 3. d5 d6 4. g3 e5 5. Bg2 Be7 6. c4 O-O 7. Nc3 a6 8. a4 Ne8 9. e4 f5 10. O-O Nf6 11. Ng5 fxe4 12. Ncxe4 Nxe4 13. Nxe4 Bf5 14. Bd2 Nd7 15. b4 b6 16. bxc5 bxc5 17. a5 h6 18. Rb1 Qc7 19. Qa4 Rfb8 20. Qc6 Qxc6 21. dxc6 Nf6 22. Nxf6+ gxf6 23. Rb6 Bd8 24. c7 Bxc7 25. Bxa8 Bxb6 26. Bd5+ 1-0


[Site "https://www.chess.com"]

[Event "Titled Tuesday Blitz July 18 Early 2023"]
[White "Taboas Rodriguez, Daniel"]
[Black "Ardila, Oscar Humberto"]
[WhiteFideId "2208466"]
[BlackFideId "4404742"]
[WhiteElo "2475"]
[BlackElo "2269"]
[Result "1-0"]
[Round "3"]
[TimeControl "180+2"]
[Date "2023.07.18"]
[WhiteClock "0:01:20"]
[BlackClock "0:00:56"]
[Board "180"]

1. d4 Nf6 2. Nf3 e6 3. c4 Be7 4. Nc3 O-O 5. Bg5 h6 6. Bh4 d6 7. e3 Nbd7 8. Bd3 b6 9. O-O Bb7 10. Re1 e5 11. e4 exd4 12. Nxd4 Nc5 13. Bc2 Re8 14. Nf5 Bf8 15. Nd5 Bxd5 16. cxd5 g6 17. Nd4 a5 18. Nc6 Qc8 19. Bxf6 Bg7 20. Bxg7 Kxg7 21. Qd4+ f6 22. Re2 Qg4 23. Rae1 h5 24. h3 Qg5 25. Qd2 Qh4 26. f4 Kh7 27. e5 f5 28. exd6 Rxe2 29. Qxe2 cxd6 30. Qe7+ Qxe7 31. Rxe7+ Kh6 32. Kf2 b5 33. h4 b4 34. Nd4 Rc8 35. Ke3 a4 36. Bd1 a3 37. bxa3 bxa3 38. Ra7 Rb8 39. Rxa3 Rb2 40. Bf3 Rb1 41. Ne6 Re1+ 42. Kd2 Ne4+ 43. Kxe1 1-0


[Site "https://www.chess.com"]

[Event "Titled Tuesday Blitz July 18 Early 2023"]
[White "DCacheiro"]
[Black "Boder, Jan"]
[BlackFideId "16243226"]
[WhiteElo "2469"]
[BlackElo "2266"]
[Result "1/2-1/2"]
[Round "3"]
[TimeControl "180+2"]
[Date "2023.07.18"]
[WhiteClock "0:00:12"]
[BlackClock "0:00:10"]
[Board "181"]

1. e4 e5 2. Nf3 Nc6 3. Bc4 Nf6 4. d3 Bc5 5. c3 a6 6. O-O d6 7. a4 Ba7 8. Re1 O-O 9. h3 Re8 10. Nbd2 Be6 11. Bxe6 Rxe6 12. b4 h6 13. Bb2 Ne7 14. Nf1 Ng6 15. c4 a5 16. bxa5 Bc5 17. Bc3 Nf4 18. Rb1 N6h5 19. d4 Rg6 20. Ne3 exd4 21. Bxd4 Bxd4 22. Qxd4 Nxh3+ 23. Kf1 Ng5 24. Nxg5 Qxg5 25. Qd5 Qf4 26. Qxh5 Qxe4 27. Qf5 Qh4 28. g3 Qh1+ 29. Ke2 Qc6 30. Qd5 Qxa4 31. Rxb7 Rxa5 32. Rb8+ Kh7 33. Qxf7 Rf6 34. Qg8+ Kg6 35. Qe8+ Qxe8 36. Rxe8 Ra2+ 37. Kd3 Rfxf2 38. Re7 c6 39. Re6+ Rf6 40. Rxf6+ gxf6 41. Re2 Ra3+ 42. Ke4 Ra4 43. Rd2 d5+ 44. Kd4 dxc4 45. Nxc4 h5 46. Rc2 Kg5 47. Ke3 Rb4 48. Nd6 Rb3+ 49. Kf2 Rb6 50. Ne4+ Kg6 51. Kf3 f5 52. Nc5 Rb5 53. Nd7 Rb3+ 54. Kg2 Kg5 55. Rxc6 h4 56. gxh4+ Kxh4 57. Ne5 Kg5 58. Nf3+ Kg4 59. Rc4+ f4 60. Rc2 Rxf3 61. Rc8 Ra3 62. Rg8+ Kf5 63. Rf8+ Ke4 64. Re8+ Kd4 65. Kf2 Re3 66. Rxe3 fxe3+ 67. Ke2 Ke4 68. Ke1 Kf3 69. Kf1 Kg3 70. Ke2 Kf4 71. Ke1 Kf3 72. Kf1 Kf4 73. Ke2 Ke4 74. Ke1 Kd3 75. Kd1 e2+ 76. Ke1 Ke3 1/2-1/2


[Site "https://www.chess.com"]

[Event "Titled Tuesday Blitz July 18 Early 2023"]
[White "Akhayan, Ruben"]
[Black "Rakitic2010"]
[WhiteFideId "204439"]
[WhiteElo "2263"]
[BlackElo "2462"]
[Result "1-0"]
[Round "3"]
[TimeControl "180+2"]
[Date "2023.07.18"]
[WhiteClock "0:00:40"]
[BlackClock "0:00:15"]
[Board "182"]

1. e4 c5 2. Nf3 e6 3. g3 Nc6 4. Bg2 Nf6 5. Qe2 d5 6. exd5 Nxd5 7. O-O Be7 8. Nc3 O-O 9. Ne4 f5 10. Nc3 Nd4 11. Nxd4 cxd4 12. Nxd5 exd5 13. d3 f4 14. Bxf4 Rxf4 15. gxf4 Bd6 16. Bxd5+ Kh8 17. Rae1 Bd7 18. Be6 Bc6 19. Qg4 Qf6 20. Bd7 Bd5 21. Re8+ Rxe8 22. Bxe8 Bxf4 23. Ba4 Qh6 24. h3 Be6 25. Qf3 Bxh3 26. Re1 Qg6+ 27. Kh1 b5 28. Qxh3 Qc6+ 29. Re4 bxa4 30. Qe6 Qxe6 31. Rxe6 g6 32. Ra6 Bc1 33. Rxa4 Bxb2 34. Rxa7 Bc3 35. a4 Bb4 36. a5 Bc5 37. Rb7 Kg8 38. a6 g5 39. a7 Bxa7 40. Rxa7 g4 41. Kg2 g3 42. Kxg3 h5 43. Kf4 h4 44. Kg4 h3 45. Kxh3 Kf8 46. Kg4 Ke8 47. Kf5 Kd8 48. Ke6 Kc8 49. Kd6 Kb8 50. Rg7 Kc8 51. Rh7 Kd8 52. Rh8# 1-0


[Site "https://www.chess.com"]

[Event "Titled Tuesday Blitz July 18 Early 2023"]
[White "Zaichenko, Daria"]
[Black "JonSnowNW1"]
[WhiteFideId "4197453"]
[WhiteElo "2257"]
[BlackElo "2447"]
[Result "0-1"]
[Round "3"]
[TimeControl "180+2"]
[Date "2023.07.18"]
[WhiteClock "0:01:01"]
[BlackClock "0:00:21"]
[Board "183"]

1. e4 c5 2. Nf3 d6 3. d4 cxd4 4. Nxd4 Nf6 5. Nc3 a6 6. Be2 e5 7. Nb3 Be7 8. Be3 O-O 9. g4 Be6 10. g5 Nfd7 11. h4 Nc6 12. Qd2 Nb6 13. Nd5 Na4 14. O-O-O Rc8 15. Nxe7+ Qxe7 16. Qxd6 Qxd6 17. Rxd6 Nb4 18. Rd2 Nxa2+ 19. Kb1 Nb4 20. Na5 b6 21. Nb7 Ba2+ 22. Ka1 Be6 23. c3 Nc6 24. Nd6 Rcd8 25. Bxa6 Ra8 26. Bb7 Nxc3+ 27. Bxa8 Rxa8# 0-1


[Site "https://www.chess.com"]

[Event "Titled Tuesday Blitz July 18 Early 2023"]
[White "Peiris, T G M"]
[Black "Karthik, Advaith"]
[WhiteFideId "9901310"]
[BlackFideId "30946050"]
[WhiteElo "2249"]
[BlackElo "2442"]
[Result "1-0"]
[Round "3"]
[TimeControl "180+2"]
[Date "2023.07.18"]
[WhiteClock "0:01:20"]
[BlackClock "0:00:16"]
[Board "184"]

1. e4 c5 2. Nf3 Nc6 3. c3 Nf6 4. e5 Nd5 5. d4 cxd4 6. cxd4 d6 7. Bc4 e6 8. O-O Be7 9. Nc3 Nxc3 10. bxc3 dxe5 11. dxe5 Qxd1 12. Rxd1 O-O 13. Be3 b6 14. Bb5 Na5 15. h3 Rd8 16. Rxd8+ Bxd8 17. Rd1 Bb7 18. Nd4 Be7 19. Nb3 Nxb3 20. axb3 Rd8 21. Ra1 a6 22. Be2 b5 23. c4 bxc4 24. Bxc4 Bb4 25. Bxa6 Ra8 26. Ra4 Bxa6 27. Rxb4 h6 28. Ra4 Bb7 29. Rxa8+ Bxa8 30. Kf1 Kf8 31. g3 Ke8 32. Ke2 Kd7 33. Kd3 Bd5 34. b4 Kc6 35. Bc5 h5 36. Ke3 Bg2 37. h4 Kd5 38. Kf4 Bf1 39. Bd6 Be2 40. Kg5 Kc6 41. Bf8 g6 42. Kf6 Kd5 43. Bd6 Bg4 44. Kxf7 Bf5 45. Kf6 Kc6 46. Kg5 Be4 47. Kf4 Kd5 48. b5 Kc4 49. Kxe4 Kxb5 50. Kf4 1-0


[Site "https://www.chess.com"]

[Event "Titled Tuesday Blitz July 18 Early 2023"]
[White "Chemin, Justo Reinaldo"]
[Black "Delorme, Axel"]
[WhiteFideId "2101580"]
[BlackFideId "632023"]
[WhiteElo "2246"]
[BlackElo "2433"]
[Result "1-0"]
[Round "3"]
[TimeControl "180+2"]
[Date "2023.07.18"]
[WhiteClock "0:00:09"]
[BlackClock "0:00:04"]
[Board "185"]

1. e4 c5 2. Nf3 d6 3. d4 cxd4 4. Nxd4 Nf6 5. Nc3 a6 6. Bg5 Nbd7 7. Qd2 Qc7 8. f4 e6 9. O-O-O h6 10. Bh4 b5 11. a3 Bb7 12. Bd3 Be7 13. h3 Nxe4 14. Bxe4 Bxh4 15. Ndxb5 axb5 16. Nxb5 Qb6 17. Nxd6+ Ke7 18. Nxb7 Nf6 19. Bf3 Rhb8 20. Qd6+ Qxd6 21. Nxd6 Ra6 22. Nc4 Bg3 23. Rd4 Ra4 24. Rhd1 Nd5 25. Bxd5 exd5 26. b3 Ra7 27. Rxd5 Bxf4+ 28. Kb2 g5 29. b4 Rc7 30. Na5 Rbc8 31. c4 h5 32. b5 h4 33. b6 Rc5 34. Rxc5 Rxc5 35. Nb3 Rxc4 36. Rd5 Rc6 37. Rb5 Ke6 38. a4 Be5+ 39. Ka3 Bd6+ 40. Kb2 Be5+ 41. Kb1 f5 42. a5 g4 43. a6 gxh3 44. gxh3 f4 45. a7 f3 46. a8=Q f2 47. Qxc6+ Kf5 48. Qf3+ 1-0


[Site "https://www.chess.com"]

[Event "Titled Tuesday Blitz July 18 Early 2023"]
[White "Sarkar, Justin"]
[Black "luksona14"]
[WhiteFideId "2010011"]
[WhiteElo "2236"]
[BlackElo "2401"]
[Result "0-1"]
[Round "3"]
[TimeControl "180+2"]
[Date "2023.07.18"]
[WhiteClock "0:00:00"]
[BlackClock "0:01:55"]
[Board "186"]

1. e4 c5 2. Nf3 Nc6 3. d4 cxd4 4. Nxd4 Nf6 5. Nc3 e5 6. Ndb5 d6 7. Bg5 a6 8. Na3 b5 9. Nd5 Be7 10. Bxf6 Bxf6 11. c4 b4 12. Nc2 a5 13. g3 O-O 14. Bg2 Be6 15. O-O Bg5 16. f4 Bh6 17. f5 Bxd5 18. Qxd5 Qb6+ 19. Kh1 Rad8 20. Rad1 a4 21. Qb5 Qxb5 22. cxb5 Na7 23. Rd5 Rb8 24. Nxb4 Rxb5 25. Rxb5 Nxb5 26. Rd1 Rc8 27. Bf1 Nd4 28. Kg2 Bc1 29. Nd5 Kf8 30. Bd3 Bxb2 31. Rb1 a3 32. Kf2 g6 33. f6 Ke8 34. Ke3 Kd7 0-1


[Site "https://www.chess.com"]

[Event "Titled Tuesday Blitz July 18 Early 2023"]
[White "laimis61"]
[Black "Manukian, Artak"]
[BlackFideId "13301373"]
[WhiteElo "2236"]
[BlackElo "2400"]
[Result "0-1"]
[Round "3"]
[TimeControl "180+2"]
[Date "2023.07.18"]
[WhiteClock "0:00:00"]
[BlackClock "0:00:06"]
[Board "187"]

1. e4 c6 2. d4 d5 3. exd5 cxd5 4. Bd3 Nc6 5. c3 e5 6. dxe5 Nxe5 7. Qe2 Qe7 8. Bb5+ Nc6 9. Be3 Nf6 10. Nf3 Bg4 11. O-O Ne4 12. Re1 f5 13. Nbd2 O-O-O 14. Qd3 Qc7 15. Ng5 f4 16. Ndxe4 fxe3 17. Qxe3 dxe4 18. Nxe4 Re8 19. Qg5 Bd7 20. Rad1 h6 21. Qg6 Re6 22. Qf7 Re7 23. Qg6 Re6 24. Qf7 a6 25. Bc4 Re7 26. Qf3 Ne5 27. Nd6+ Qxd6 28. Rxe5 Qxe5 29. h3 Bc6 0-1


[Site "https://www.chess.com"]

[Event "Titled Tuesday Blitz July 18 Early 2023"]
[White "Bazilius, Augustinas"]
[Black "Joshi, Pankaj"]
[WhiteFideId "12832251"]
[BlackFideId "5006210"]
[WhiteElo "2399"]
[BlackElo "2231"]
[Result "1-0"]
[Round "3"]
[TimeControl "180+2"]
[Date "2023.07.18"]
[WhiteClock "0:01:18"]
[BlackClock "0:00:06"]
[Board "188"]

1. d4 Nf6 2. c4 g6 3. Nc3 Bg7 4. e4 d6 5. h3 O-O 6. Be3 c5 7. d5 a6 8. a4 e6 9. Bd3 exd5 10. exd5 Re8 11. Nf3 Nbd7 12. O-O Ne5 13. Nxe5 Rxe5 14. Bf4 Re8 15. Qd2 Bd7 16. Bxd6 Bxh3 17. Bxc5 Qc8 18. Bd6 Bg4 19. f3 Bf5 20. Rae1 Qd7 21. Bg3 Nh5 22. Bh2 Rac8 23. Bxf5 gxf5 24. Rxe8+ Qxe8 25. Re1 Qd8 26. d6 Rxc4 27. d7 Rd4 28. Re8+ Bf8 29. Qxd4 1-0


[Site "https://www.chess.com"]

[Event "Titled Tuesday Blitz July 18 Early 2023"]
[White "Silva Lucena, Cristian"]
[Black "Kev4444444444"]
[WhiteFideId "2232588"]
[WhiteElo "2399"]
[BlackElo "2230"]
[Result "1-0"]
[Round "3"]
[TimeControl "180+2"]
[Date "2023.07.18"]
[WhiteClock "0:00:19"]
[BlackClock "0:00:11"]
[Board "189"]

1. e4 e5 2. Nf3 d6 3. d4 Nf6 4. dxe5 Nxe4 5. Bc4 Be7 6. Bxf7+ Kxf7 7. Qd5+ Be6 8. Qxe4 Nd7 9. exd6 cxd6 10. O-O h6 11. Re1 Nc5 12. Qf4+ Bf6 13. Nd4 Re8 14. Nxe6 Nxe6 15. Qg4 Rc8 16. Nc3 Nd4 17. Rxe8 Qxe8 18. Bf4 Nxc2 19. Rd1 Nd4 20. Bxd6 Rd8 21. Qh5+ g6 22. Qd5+ Kg7 23. Qxb7+ Rd7 24. Qb4 Nf5 25. Bf4 Rxd1+ 26. Nxd1 Qe2 27. Qd2 Qb5 28. b3 g5 29. Bg3 Nd4 30. h3 Ne2+ 31. Kh2 Nxg3 32. fxg3 Qb6 33. Ne3 Qc5 34. Qd3 Be5 35. Qd7+ Kg6 36. Qe6+ Kg7 37. Nf5+ Kf8 38. Qxh6+ Ke8 39. Qe6+ Kd8 40. Qg8+ Kc7 41. Qxg5 Kb6 42. h4 Qc3 43. h5 Bf6 44. Qg6 Qe5 45. h6 Kb5 46. h7 Kb4 47. Qg4+ Ka3 48. Nh4 Qe7 49. Qa4+ Kb2 50. b4 Qxh7 51. Qb3+ Ka1 52. Kh3 Qd7+ 53. g4 Qh7 54. g3 Qe4 55. Qd1+ Kxa2 56. Qd2+ Ka3 57. Ng2 Bb2 58. b5 Qh7+ 59. Nh4 Qb7 60. Qa5+ Kb3 61. Ng2 Qh7+ 62. Nh4 Qb7 63. Qe1 Bc3 64. Qe6+ Kb4 65. Ng2 Qh7+ 66. Nh4 Qb7 67. Qd6+ Kxb5 68. Qd3+ Kb4 69. Ng2 Qg7 70. Ne3 Qd4 71. Qe2 Qe4 72. Nc2+ Qxc2 73. Qxc2 a5 74. g5 a4 75. Qa2 a3 76. Kg4 Ka4 77. Kf5 Kb4 78. g6 Ka4 79. g4 Kb4 80. g5 Ka4 81. Ke6 Kb4 82. Kf7 Ka4 83. g7 Bxg7 84. Kxg7 Kb4 85. Kf6 Ka4 86. g6 Kb4 87. g7 Ka4 88. g8=Q Kb4 89. Qgb3+ Kc5 90. Qac2+ Kd4 91. Qbd3# 1-0


[Site "https://www.chess.com"]

[Event "Titled Tuesday Blitz July 18 Early 2023"]
[White "La Villa Rivas, Marlon Javier"]
[Black "Bernat, David"]
[WhiteFideId "3519546"]
[BlackFideId "2099225"]
[WhiteElo "2226"]
[BlackElo "2395"]
[Result "1/2-1/2"]
[Round "3"]
[TimeControl "180+2"]
[Date "2023.07.18"]
[WhiteClock "0:00:11"]
[BlackClock "0:00:15"]
[Board "190"]

1. e4 c5 2. Nf3 g6 3. d4 cxd4 4. Qxd4 Nf6 5. e5 Nc6 6. Qa4 Nd5 7. Qe4 Nb6 8. Nc3 Bg7 9. Bf4 d5 10. exd6 Bf5 11. dxe7 Bxc3+ 12. bxc3 Bxe4 13. exd8=Q+ Rxd8 14. Bb5 O-O 15. O-O Bxc2 16. Rfe1 Nd5 17. Bg5 Rc8 18. Rac1 Bf5 19. Nd4 Nxd4 20. cxd4 Nc3 21. Bf1 f6 22. Bh6 Rfd8 23. Re7 Rd7 24. Rce1 Rcd8 25. Bc4+ Nd5 26. Bxd5+ Rxd5 27. Rg7+ Kh8 28. Rxb7 Rxd4 29. Bg7+ Kg8 30. Bxf6 Rd1 31. Rf1 Rxf1+ 32. Kxf1 Rd7 33. Rb8+ Kf7 34. Bc3 Rc7 35. Bb4 a6 36. Rf8+ Ke6 37. Re8+ Kd5 38. Ke2 Rc2+ 39. Ke3 Rxa2 40. Rd8+ Kc4 41. Bf8 Rc2 42. Rd4+ Kb5 43. g4 Be6 44. h3 Rc3+ 45. Kd2 Rxh3 46. Rb4+ Kc6 47. g5 Bf5 48. Be7 Rd3+ 49. Ke2 Rd7 50. Bf6 Bd3+ 51. Ke3 Bf5 52. Rc4+ Kd5 53. Rd4+ Kc6 54. Rxd7 Kxd7 55. Kd4 Kc6 56. Kc4 Be6+ 57. Kb4 Kd6 58. f4 Kd5 59. Ka5 Bc8 60. Kb6 Ke4 61. Be5 Kf5 62. Ka5 Bb7 63. Kb6 Bc8 64. Ka5 Ke6 65. Kb6 Kd7 66. Ka5 Kc6 67. Kb4 Kb7 68. Ka5 Bg4 69. Bd4 Be2 70. Be5 Kc6 71. Bd4 Kd5 72. Be5 Ke4 73. Kb4 Kf5 74. Ka5 Ke6 75. Kb4 Kf7 76. Ka5 Ke6 77. Kb4 Kd7 78. Ka5 Kc6 79. Bd4 Kd5 80. Be5 Kc5 81. Bb8 Kd4 82. Be5+ Ke4 83. Kb4 Kf5 84. Ka5 Kg4 85. Kb4 Kf5 1/2-1/2


[Site "https://www.chess.com"]

[Event "Titled Tuesday Blitz July 18 Early 2023"]
[White "ajedrez-facil"]
[Black "Garsky, Vladyslav"]
[BlackFideId "34100270"]
[WhiteElo "2223"]
[BlackElo "2394"]
[Result "0-1"]
[Round "3"]
[TimeControl "180+2"]
[Date "2023.07.18"]
[WhiteClock "0:00:40"]
[BlackClock "0:00:53"]
[Board "191"]

1. e4 c6 2. d4 d5 3. exd5 cxd5 4. Bd3 Nf6 5. Nf3 Nc6 6. h3 g6 7. c3 Bf5 8. Bxf5 gxf5 9. Bf4 e6 10. Nbd2 Bd6 11. Bxd6 Qxd6 12. Qe2 Rg8 13. g3 Ne4 14. h4 a6 15. Nxe4 dxe4 16. Nd2 b5 17. Nb3 Ne7 18. Nc5 Nd5 19. a3 e3 20. Rg1 f4 21. g4 Ke7 22. a4 b4 23. c4 Nf6 24. fxe3 fxe3 25. Qxe3 Nxg4 26. Qe4 f5 27. Qd3 Qf4 28. Rf1 Qh6 29. Kd1 Ne3+ 30. Ke2 Rg2+ 31. Rf2 Qh5+ 32. Kxe3 Rg3+ 33. Kd2 Rxd3+ 34. Kxd3 Qxh4 35. Re2 Rg8 36. Rxe6+ Kf7 37. Rae1 Rg3+ 38. R6e3 f4 39. Rxg3 fxg3 40. Rf1+ Ke8 41. Ne4 g2 42. Rg1 Qh2 43. Nd6+ Kd7 0-1


[Site "https://www.chess.com"]

[Event "Titled Tuesday Blitz July 18 Early 2023"]
[White "Hoffmann, Asa"]
[Black "disciplinedbrat"]
[WhiteFideId "2001470"]
[WhiteElo "2393"]
[BlackElo "2219"]
[Result "1-0"]
[Round "3"]
[TimeControl "180+2"]
[Date "2023.07.18"]
[WhiteClock "0:01:35"]
[BlackClock "0:01:33"]
[Board "192"]

1. d4 Nf6 2. Bg5 Ne4 3. Bf4 c5 4. f3 Nf6 5. dxc5 Qa5+ 6. Nc3 Qxc5 7. e4 e5 8. Bg3 Nc6 9. Bf2 Qb4 10. Qd2 Be7 11. a3 Qa5 12. Bc4 O-O 13. Nge2 a6 14. O-O b5 15. Ba2 Bb7 16. Rfd1 Qc7 17. Nd5 Nxd5 18. exd5 Nd4 19. Nxd4 exd4 20. Bxd4 Bc5 21. c3 d6 22. Bxc5 Qxc5+ 23. Qd4 Qc7 24. Re1 Rae8 25. Rad1 h6 26. Bb1 Re7 27. Rxe7 Qxe7 28. Qe4 Qxe4 29. fxe4 Re8 30. Kf2 g6 31. Rd4 Kg7 32. a4 bxa4 33. Rxa4 Re5 34. Bd3 f5 35. Bxa6 Bxa6 36. Rxa6 fxe4 37. Rxd6 e3+ 38. Ke2 Rh5 39. h3 Rg5 40. g4 h5 41. gxh5 Rxh5 42. Kxe3 Rxh3+ 43. Kd4 g5 44. Re6 g4 45. Re1 Rh2 46. b4 g3 47. Rg1 g2 48. b5 Kf8 49. b6 Ke7 50. b7 Rh8 51. Rxg2 1-0


[Site "https://www.chess.com"]